 Dungeon Sprint DCSS version 0.21.1-1-g345015f (webtiles) character file.

4500000 Fang the Intangible (level 19, -8/113 HPs)
             Began as a Felid Berserker on Apr 19, 2018.
             Mangled by a meat berserker
             ... wielding a +9 battleaxe
              (66 damage)
             ... in the Dungeon (Sprint VIII: "Arena of Blood").
             The game lasted 00:00:38 (45 turns).

Fang the Intangible (Felid Berserker)                 Turns: 45, Time: 00:00:39

Health: -8/113     AC:  3    Str: 19    XL:     19   Next: 42%
Magic:  51/51      EV: 38    Int: 11    God:
Gold:   0          SH:  0    Dex: 15    Spells: 72/72 levels left
                                        Lives:  0   Deaths: 2

rFire    . . .     SeeInvis +     - Unarmed
rCold    + . .     Gourm    .   (shield unavailable)
rNeg     . . .     Faith    .   (armour unavailable)
rPois    .         Spirit   .   (helmet unavailable)
rElec    .         Reflect  .   (cloak unavailable)
rCorr    .         Harm     .   (gloves unavailable)
MR       ++...     NoTele   +   (boots unavailable)
Stlth    +++++++++.             (no amulet)
HPRegen  0.28/turn              h - +27000 ring of slaying
MPRegen  0.32/turn              (no ring)

@: quick
A: very small, no armour, no weapons or thrown items, stealth, claws 1, fangs 3,
see invisible, carnivore, speed 1, shaggy fur 3, slow metabolism 1, sharp paws
a: no special abilities


You were in the Dungeon.
You were not hungry.

You visited 1 branch

Inventory:

Jewellery
 h - a +27000 ring of slaying (left paw)
Scrolls
 g - a scroll of blinking
Potions
 b - a potion of curing
 c - a potion of heal wounds
 d - a potion of haste
 e - 2 potions of magic
 f - a potion of berserk rage
Comestibles
 a - a ration


   Skills:
 O Level 27 Fighting
 O Level 27 Dodging
 O Level 27 Stealth
 O Level 27 Unarmed Combat
 O Level 27 Spellcasting


You had 72 spell levels left.
You didn't know any spells.

Dungeon Overview and Level Annotations

Branches:
Dungeon (1/1)

Altars:
Makhleb


Innate Abilities, Weirdness & Mutations

You cannot wear armour.
You are incapable of wielding weapons or throwing items.
Your paws allow you to move quietly. (Stealth)
You have sharp claws.
You have razor-sharp teeth.
You have supernaturally acute eyesight. (SInv)
You are carnivorous and can eat meat at any time.
You cover ground quickly.
Your thick and shaggy fur keeps you warm. (AC +3, rC+)
You have a slow metabolism.
Your sharp claws are effective at attacking unaware monsters.


Message History

The meat berserker is engulfed in blazing flames.
The meat berserker rages.
You hear a shout! x4
The eight-headed meat hydra calls on the powers of darkness!
The eight-headed meat hydra convulses!
The bag of meat convulses!
Your body is wracked with pain!
The meat berserker convulses!
The bag of meat convulses!
The meat berserker convulses! x4
The bag of meat convulses!
The bag of meat shouts!
Things that are here:
a +9 great sword of slicing; a +200 ring of slaying Unknown command.
You hear a shout! x5
The destroyer blinks!
You hear a shout! x6
The destroyer blinks! x2
You hear a shout!
The meat berserker hits you with a +9 battleaxe!!!
Ouch! That really hurt!
You die...

......#...oo#)......
.%.o..#_.oo_#.........
...%..#.Oo..#......#.#.
#....x§o§_V..V.........
.....O§§###.........#.#
.###§§§.§..###..V....
#.o...x.#.§.......
#.ooOO..#.V.......
.o....oD.§O@).o.....
...o.........O.O#o..#.
............o.V.#....#
..............##...oo#
....#........#....oo#o.
.........§...#...###o..
#...... . .. ..#
....... .... ..


You could see an eight-headed meat hydra, 3 destroyers, 5 meat berserkers, a
small abomination and 12 bags of meat.

Vanquished Creatures
  2 vampire knights (D)
  7 ogres (D)
  A two-headed ogre (D)
  A hydra (D)
  10 orcs (D)
21 creatures vanquished.

Notes
Turn   | Place    | Note
-------+----------+-------------------------------------------
     0 | D        | Fang the Felid Berserker began the quest for the Orb.
     0 | D        | Reached XP level 1. HP: 10/10 MP: 2/2
     3 | D        | Noticed a bag of meat
     3 | D        | Noticed a bag of meat
     4 | D        | Noticed a bag of meat
     4 | D        | Noticed a bag of meat
     4 | D        | Noticed a bag of meat
     6 | D        | Noticed a bag of meat
     7 | D        | Killed a bag of meat
     7 | D        | Reached XP level 2. HP: 27/27 MP: 3/3
     7 | D        | Reached XP level 3. HP: 31/31 MP: 4/4
     7 | D        | Reached XP level 4. HP: 35/35 MP: 5/5
     7 | D        | Reached XP level 5. HP: 39/39 MP: 6/6
     7 | D        | Gained mutation: You are covered in thick fur. (AC +2) [Felid growth]
     7 | D        | Reached XP level 6. HP: 43/43 MP: 7/7
     7 | D        | Reached XP level 7. HP: 47/47 MP: 8/8
     7 | D        | Reached XP level 8. HP: 51/51 MP: 9/9
     7 | D        | Reached XP level 9. HP: 55/55 MP: 10/10
     7 | D        | Reached XP level 10. HP: 60/60 MP: 11/11
     7 | D        | Reached XP level 11. HP: 63/63 MP: 12/12
    10 | D        | Noticed a meat berserker
    10 | D        | Killed a bag of meat
    10 | D        | Reached ** piety under Trog
    10 | D        | Gained mutation: Your thick and shaggy fur keeps you warm. (AC +3, rC+) [Felid growth]
    10 | D        | Reached XP level 12. HP: 71/71 MP: 13/13
    12 | D        | Killed a bag of meat
    12 | D        | Reached XP level 13. HP: 76/76 MP: 14/14
    13 | D        | Noticed a bag of meat
    14 | D        | Noticed a meat berserker
    14 | D        | Noticed a meat berserker
    14 | D        | Killed a bag of meat
    14 | D        | Reached XP level 14. HP: 83/83 MP: 15/15
    15 | D        | Noticed a bag of meat
    15 | D        | Noticed a meat berserker
    15 | D        | Noticed a bag of meat
    16 | D        | Noticed a bag of meat
    17 | D        | Killed a meat berserker
    17 | D        | Reached skill level 27 in Dodging
    17 | D        | Reached XP level 15. HP: 90/90 MP: 16/16
    18 | D        | Noticed a meat berserker
    18 | D        | Killed a meat berserker
    18 | D        | Reached *** piety under Trog
    18 | D        | Reached skill level 27 in Fighting
    18 | D        | Reached skill level 27 in Unarmed Combat
    21 | D        | Noticed a meat berserker
    21 | D        | Killed a meat berserker
    21 | D        | Reached XP level 16. HP: 61/100 MP: 16/34
    22 | D        | Fell from the grace of Trog
    23 | D        | Noticed a large bag of meat
    23 | D        | Reached XP level 17. HP: 63/104 MP: 16/40
    24 | D        | Killed a meat berserker
    24 | D        | Reached skill level 27 in Stealth
    25 | D        | Noticed a meat berserker
    26 | D        | Noticed a destroyer
    26 | D        | Killed a meat berserker
    26 | D        | Reached skill level 27 in Spellcasting
    26 | D        | Reached XP level 18. HP: 61/109 MP: 16/50
    28 | D        | Killed a meat berserker
    29 | D        | Noticed a large bag of meat
    29 | D        | Noticed a large bag of meat
    29 | D        | Reached XP level 19. HP: 63/113 MP: 17/51
    31 | D        | Annihilated by a meat berserker
    32 | D        | Reached XP level 18. HP: -34/109 MP: 17/50
    32 | D        | Noticed an eight-headed meat hydra
    32 | D        | Noticed an eight-headed meat hydra
    32 | D        | Noticed a destroyer
    33 | D        | Noticed a destroyer
    33 | D        | Noticed a meat berserker
    33 | D        | Killed an eight-headed meat hydra
    34 | D        | Killed a large bag of meat
    35 | D        | Noticed a sculptor of flesh
    35 | D        | Killed a destroyer
    35 | D        | Reached XP level 19. HP: 92/113 MP: 51/51
    36 | D        | Noticed a destroyer
    38 | D        | Noticed a meat berserker
    39 | D        | Killed a meat berserker
    39 | D        | Noticed a destroyer
    40 | D        | Noticed a meat berserker
    41 | D        | Mangled by a bag of meat
    42 | D        | Reached XP level 18. HP: -11/109 MP: 50/50
    42 | D        | Noticed a destroyer
    42 | D        | Noticed a meat berserker
    42 | D        | Noticed a meat berserker
    43 | D        | Killed a destroyer
    43 | D        | Reached XP level 19. HP: 113/113 MP: 51/51
    44 | D        | Noticed a destroyer
    45 | D        | Mangled by a meat berserker

Skill      XL: |  1  2  3  4  5  6  7  8  9 10 11 12 13 14 15 16 17 |
---------------+----------------------------------------------------+-----
Fighting       | 16 19 20 21 24 27 | 27.0
Dodging        | 20 23 24 26 27 | 27.0
Unarmed Combat | 16 19 20 22 25 27 | 27.0
Stealth        | 19 25 27 | 27.0
Spellcasting   | 13 18 27 | 27.0

Action                   |  1- 3 |  4- 6 |  7- 9 | 10-12 | 13-15 | 16-18 | 19-21 || total
-------------------------+-------+-------+-------+-------+-------+-------+-------++-------
Melee: Unarmed           |     1 |       |       |     2 |     4 |    11 |     3 ||    21
Dodge: Dodged            |       |       |       |     1 |     4 |     4 |     1 ||    10
